 Dungeon Crawl Stone Soup version 0.32-a0-871-ge202e49faa (webtiles) character file.

Game seed: 1469475306552231366

44 dcgrp the Firebug (level 3, -1/31 HPs)
             Began as a Mountain Dwarf Fire Elementalist on Mar 29, 2024.
             Slain by a hobgoblin (3 damage)
             ... on level 1 of the Dungeon.
             The game lasted 00:02:44 (1321 turns).

dcgrp the Firebug (MDFE)                            Turns: 1321, Time: 00:02:44

Health: -1/31      AC:  2    Str: 10    XL:     3   Next: 39%
Magic:  1/5        EV: 11    Int: 17    God:
Gold:   111        SH:  0    Dex: 16    Spells: 4/5 levels left

rFire   . . .        e - +2 whip (elec)
rCold   . . .        (no shield)
rNeg    . . .        a - +0 robe
rPois   .            (no helmet)
rElec   .            (no cloak)
rCorr   .            (no gloves)
SInv    .            (no boots)
Will    .....        (no amulet)
Stlth   ++           d - +6 ring of dexterity
HPRegen 0.25/turn    n - ring of wizardry
MPRegen 0.09/turn

%: wizardry (x1)
@: no status effects
A: runic magic, artefact enchanting
a: no special abilities


You were on level 1 of the Dungeon.
You visited 1 branch of the dungeon, and saw 2 of its levels.

You collected 111 gold pieces.

Inventory:

Hand Weapons
 e - a +2 whip of electrocution (weapon)
Armour
 a - a +0 robe (worn)
Jewellery
 d - a +6 ring of dexterity (left hand)
 n - a ring of wizardry (right hand)
Scrolls
 f - a scroll of silence {unknown}
 g - a scroll of teleportation {unknown}
 h - a scroll of blinking {unknown}
 i - a scroll of torment {unknown}
 l - a scroll of butterflies {unknown}
 m - a scroll of enchant armour {unknown}
 r - a scroll of identify {unknown}
Potions
 b - a potion of magic
 c - a potion of curing {unknown}
 j - a potion of brilliance {unknown}
 k - a potion of heal wounds {unknown}
 o - a potion of ambrosia {unknown}
 p - a potion of berserk rage {unknown}
 q - a potion of haste {unknown}


   Skills:
 - Level 3.0 Fighting
 + Level 1.4 Armour
 - Level 1.3 Dodging
 - Level 1.4 Stealth
 - Level 1.7 Spellcasting
 - Level 0.8 Conjurations
 - Level 3.6 Fire Magic


You had 4 spell levels left.
You knew the following spells:

 Your Spells              Type           Power      Damage    Failure   Level
a - Foxfire               Conj/Fire      36%        2x1d5     3%          1

Your spell library contained the following spells:

 Spells                   Type           Power      Damage    Failure   Level
 Scorch                   Fire           26%        2d6       2%          2
 Sandblast                Erth           2%         2d4       9%          1
 Inner Flame              Hex/Fire       7%         N/A       12%         3
 Volatile Blastmotes      Fire/Tloc      14%        2d11      12%         3
 Stone Arrow              Conj/Erth      4%         3d7       21%         3
 Flame Wave               Conj/Fire      9%         2d6       30%         4
 Brom's Barrelling Bould  Conj/Erth      2%         2d3       52%         4


Dungeon Overview and Level Annotations

Branches:
Dungeon (2/15)

Altars:


Innate Abilities, Weirdness & Mutations

Your spellcasting is much less encumbered by armour.
You can use scrolls of enchantment on lesser artefacts.


Message History

The frilled lizard misses you.
The frilled lizard attacks as it pursues you!
The frilled lizard bites you but does no damage.
You hit the frilled lizard.
The frilled lizard is heavily wounded.
The frilled lizard bites you but does no damage.
The giant cockroach bites you but does no damage.
You hit the frilled lizard.
You kill the frilled lizard!
The giant cockroach bites you but does no damage.
The giant cockroach closely misses you.
You hit the kobold. Lightning courses through the kobold!
You kill the kobold!
The giant cockroach bites you.
* * * LOW HITPOINT WARNING * * *
You hit the giant cockroach.
The giant cockroach is almost dead.
The giant cockroach bites you.
* * * LOW HITPOINT WARNING * * *
The rat bites you but does no damage.
Casting: Foxfire (safe; 3% risk of failure)
Confirm with . or Enter, or press ? or * to list all spells.
You conjure some foxfire!
The giant cockroach barely misses you.
The foxfire hits the rat.
You kill the rat!
The giant cockroach closely misses you.
Your foxfire dissipates!
You hit the giant cockroach.
Lightning courses through the giant cockroach!
You kill the giant cockroach!
The hobgoblin completely misses you.
You hit the rat.
You kill the rat!
The hobgoblin closely misses you.
You closely miss the hobgoblin.
The hobgoblin hits you but does no damage.
You hit the hobgoblin.
The hobgoblin is severely wounded.
The hobgoblin hits you.
You die...

..>..#...#..⌠.#.#.ß.........#...#
##.###...#...††..Jr....##..#..#).
##..##...#....r..............##..
.........#....#.#Kß......##......
.)...#...#....#####.....#......#.
.....#...#..J. ##†...#...##..#..
.....#...########)...#...#......#
.....#...........†..........##..#
.....#...###....@g..#...##..#..#.
.....#.............#....#..#.#...
.....#....................##.....
#....############################
.......# .......# .......#
#.....## ##...##


You could see a hobgoblin.

Vanquished Creatures
  An adder (D:2)
  A dart slug (D:2)
  5 giant cockroaches
  2 goblins (D:1)
  4 hobgoblins
  5 kobolds (D:1)
  A quokka (D:1)
  3 ball pythons
  2 bats (D:1)
  5 frilled lizards (D:1)
  5 rats (D:1)
34 creatures vanquished.

Vanquished Creatures (others)
  61 foxfires
61 creatures vanquished.

Grand Total: 95 creatures vanquished

Notes
Turn   | Place    | Note
-------+----------+-------------------------------------------
     0 | D:1      | dcgrp the Mountain Dwarf Fire Elementalist began the quest
                  | for the Orb.
     0 | D:1      | Reached XP level 1. HP: 14/14 MP: 3/3
    47 | D:1      | Reached skill level 1 in Fighting
   120 | D:1      | Found a large runed translucent door.
   120 | D:1      | Found a large runed translucent door.
   301 | D:1      | Reached XP level 2. HP: 24/24 MP: 0/4
  1155 | D:2      | Reached XP level 3. HP: 31/31 MP: 2/5
  1292 | D:1      | Reached skill level 1 in Armour
  1307 | D:1      | HP: 1/31 [giant cockroach (2)]
  1315 | D:1      | HP: 1/31 [giant cockroach (2)]
  1321 | D:1      | Slain by a hobgoblin

Illustrated notes

Levels and vault maps discovered:
D:1:      erik_arrival_cave_to_civilisation [erik_arrival_cave_to_temple],
          layout_rooms
D:2:      wander_river, layout_loops_ring, nicolae_kite_square_tiling_tiny

Skill      XL: |  1  2  3 |
---------------+----------+-----
Fighting       | 1 3 |  3.0
Armour         | 1 |  1.4
Dodging        | |  1.3
Stealth        | |  1.4
Spellcasting   | |  1.7
Conjurations   | |  0.8
Fire Magic     | |  3.6

Action                     || total
---------------------------++-------
  Melee: Unarmed           ||     7
         Club              ||     2
         Whip              ||    33
   Cast: Foxfire           ||    40
   Stab: Sleeping          ||     1
 Armour: Robe              ||    49
  Dodge: Dodged            ||    48

Table legend: (Time is in decaauts)
 A = Elapsed time spent in this place.
 B = Non-inter-level travel time spent in this place.
 C = Inter-level travel time spent in this place.
 D = Time resting spent in this place.
 E = Time spent auto-exploring this place.
 F = Levels seen in this place.
 G = Mean time per level.
                   A        B        C        D        E       F      G
               +--------+--------+--------+--------+--------+-----+--------+
         Total |   1331 |   1305 |     26 |      0 |   1118 |   2 |  665.5 |
       Dungeon |   1331 |   1305 |     26 |      0 |   1118 |   2 |  665.5 |
               +--------+--------+--------+--------+--------+-----+--------+

Top non-repeatable levels by time:
     D:1: 851 daAuts
     D:2: 480 daAuts
